 Dungeon Crawl Stone Soup version 0.31-a0-344-gd109795599 (webtiles) character file.

Game seed: 15479466662630136882

83 garrulousMonolith the Changeling (level 4, 0/29 HPs)
             Began as an Octopode Shapeshifter on July 21, 2023.
             Slain by Terence
             ... wielding a +2 mace of protection
              (12 damage)
             ... on level 2 of the Dungeon.
             The game lasted 00:01:50 (934 turns).

garrulousMonolith the Changeling (OpSh)              Turns: 934, Time: 00:01:50

Health: 0/29       AC:  1    Str: 14    XL:     4   Next: 44%
Magic:  4/4        EV: 13    Int: 10    God:
Gold:   49         SH:  4    Dex: 14    Spells: 3/3 levels left

rFire   + .          .
                       - Unarmed
rCold   . . .        m - +0 buckler
rNeg    . . .        (helmet currently unavailable)
rPois   +            (no amulet)
rElec   .            f - ring of poison resistance
rCorr   .            k - ring of protection from fire
SInv    .            (no ring)
Will    .....        (no ring)
Stlth   +++          (no ring)
HPRegen 0.24/turn    (no ring)
MPRegen 0.09/turn    (no ring)
                     (no ring)

%: no passive effects
@: beast-form
A: beast (slay +2), almost no armour, amphibious, 8 rings, camouflage 1,
gelatinous body 1, (nimble swimmer 1), tentacles
a: Begin Untransformation


You were on level 2 of the Dungeon.
You were a hulking beast.
You visited 1 branch of the dungeon, and saw 2 of its levels.

You collected 49 gold pieces.

Inventory:

Hand Weapons
 c - a +0 orcbow
Missiles
 d - 3 boomerangs (quivered)
 e - 25 stones
Armour
 m - a +0 buckler (worn)
Jewellery
 f - a ring of poison resistance (left tentacle)
 k - a ring of protection from fire (right tentacle)
Talismans
 b - a beast talisman
 g - a maw talisman
 i - a talisman of death
Scrolls
 j - a scroll of revelation {unknown}
 l - a scroll of identify {unknown}
Potions
 a - 2 potions of lignification
 h - a potion of enlightenment {unknown}


   Skills:
 + Level 1.8 Fighting
 + Level 2.5 Dodging
 + Level 1.7 Stealth
 + Level 0.3 Shields
 + Level 3.4 Unarmed Combat
 * Level 3.5 Shapeshifting


You had 3 spell levels left.
You didn't know any spells.
Your spell library was empty.

Dungeon Overview and Level Annotations

Branches:
Dungeon (2/15)

Altars:

Annotations:
D:2 Terence


Innate Abilities, Weirdness & Mutations

You are a hulking beast.
Your limbs bulge with bestial killing power. (Slay +2)
You cannot wear most types of armour.
You are amphibious.
You can wear up to eight rings at the same time.
Your skin changes colour to match your surroundings (Stealth+).
Your rubbery body absorbs attacks. (AC +1, EV +1)
((You are camouflaged when in or above water. (Stealth+)))
You have tentacles for arms and can constrict up to eight enemies at once.


Message History

No target in view!
No target in view!
No target in view!
No target in view!
No target in view!
No target in view!
No target in view!
Terence the Incautious comes into view.
He is wielding a +2 mace of protection.
Terence is nearby!
Terence is nearby!
Terence shouts!
You tentacle-slap Terence but do no damage.
You grab Terence.
You constrict Terence, but do no damage.
Terence hits you with a +2 mace of protection.
You tentacle-slap Terence but do no damage.
You squeeze Terence!
Terence is moderately wounded.
You constrict Terence, but do no damage.
Terence hits you with a +2 mace of protection!
You tentacle-slap Terence but do no damage.
Terence is moderately wounded.
You constrict Terence. Terence misses you.
You tentacle-slap Terence.
Terence is heavily wounded.
You constrict Terence, but do no damage.
Terence closely misses you.
You tentacle-slap Terence but do no damage.
Terence is heavily wounded.
You constrict Terence.
Terence hits you with a +2 mace of protection!
You tentacle-slap Terence but do no damage.
Terence is heavily wounded.
You constrict Terence. Terence closely misses you.
Okay, then.
You tentacle-slap Terence.
Terence is severely wounded.
You constrict Terence.
Terence hits you with a +2 mace of protection!
You die...

#.# ##..###### #.#
#......... ###.#
#...######
##.#.####...#
#.####...........#
.................#
..####.#.######.#
.#######.#.# #.#
......@h.#.# #.#
##########.######.#
#........#
##########


You could see Terence.

Vanquished Creatures
  2 adders (D:2)
  A gnoll (D:1)
  A worm (D:2)
  2 dart slugs (D:1)
  5 ball pythons
  3 endoplasms (D:1)
  5 giant cockroaches (D:1)
  A goblin (D:1)
  3 hobgoblins
  4 quokkas
  6 bats
  3 frilled lizards (D:1)
  5 kobolds
  5 rats
46 creatures vanquished.

Notes
Turn   | Place    | Note
-------+----------+-------------------------------------------
     0 | D:1      | garrulousMonolith the Octopode Shapeshifter began the quest
                  | for the Orb.
     0 | D:1      | Reached XP level 1. HP: 13/13 MP: 1/1
     6 | D:1      | Noticed an electric eel
    49 | D:1      | Reached XP level 2. HP: 18/18 MP: 2/2
   202 | D:1      | Reached skill level 1 in Stealth
   269 | D:1      | Reached XP level 3. HP: 23/23 MP: 3/3
   785 | D:2      | Reached XP level 4. HP: 29/29 MP: 4/4
   926 | D:2      | Noticed Terence
   934 | D:2      | Slain by Terence

Illustrated notes

Levels and vault maps discovered:
D:1:      arrival_aquarium_a, layout_loops_ring, chequers_serial_rivers_micro_b,
          minmay_worlds_worst_comb
D:2:      layout_loops_ring, minmay_tripent, uniq_terence,
          uniq_crazy_yiuf_cottage

Skill      XL: |  1  2 |
---------------+-------+-----
Stealth        | 1 |  1.7
Fighting       | |  1.8
Dodging        | |  2.5
Shields        | |  0.3
Unarmed Combat | |  3.4
Shapeshifting  | |  3.5

Action                     |  1- 3 |  4- 6 || total
---------------------------+-------+-------++-------
  Melee: Unarmed           |    63 |    25 ||    88
         Constrict         |    15 |     9 ||    24
         Tentacles         |     5 |     4 ||     9
         Punch             |     2 |     1 ||     3
   Fire: Orcbow            |     8 |       ||     8
  Throw: Boomerang         |     1 |       ||     1
   Stab: Sleeping          |     7 |     1 ||     8
 Armour: Skin              |     7 |     3 ||    10
  Dodge: Dodged            |    29 |    21 ||    50
  Block: Buckler           |       |     2 ||     2

Table legend: (Time is in decaauts)
 A = Elapsed time spent in this place.
 B = Non-inter-level travel time spent in this place.
 C = Inter-level travel time spent in this place.
 D = Time resting spent in this place.
 E = Time spent auto-exploring this place.
 F = Levels seen in this place.
 G = Mean time per level.
                   A        B        C        D        E       F      G
               +--------+--------+--------+--------+--------+-----+--------+
         Total |    931 |    896 |     35 |     25 |    573 |   2 |  465.5 |
       Dungeon |    931 |    896 |     35 |     25 |    573 |   2 |  465.5 |
               +--------+--------+--------+--------+--------+-----+--------+

Top non-repeatable levels by time:
     D:1: 745 daAuts
     D:2: 186 daAuts
